 Dungeon Crawl Stone Soup version 0.20.1-1-g8b1a95d (webtiles) character file.

678 Monsterracer the Covert (level 7, -1/46 HPs)
             Began as a Vampire Enchanter on Sept 5, 2017.
             Was an Initiate of Ashenzari.
             Slain by a centaur (8 damage)
             ... on level 5 of the Dungeon.
             The game lasted 00:10:31 (4208 turns).

Monsterracer the Covert (Vampire Enchanter)         Turns: 4208, Time: 00:10:32

Health: -1/46      AC:  3    Str:  7    XL:     7   Next: 34%
Magic:  1/12       EV: 13    Int: 17    God:    Ashenzari [......]
Gold:   82         SH:  0    Dex: 17    Spells: 4/13 levels left

rFire    . . .     SeeInvis +   a - +2 dagger (vamp) (curse)
rCold    . . .     Gourm    .   (no shield)
rNeg     + . .     Faith    .   e - +1 robe (curse)
rPois    .         Spirit   .   (no helmet)
rElec    .         Reflect  .   (no cloak)
rCorr    .         Harm     .   (no gloves)
MR       .....                  (no boots)
Stlth    ++++......             (no amulet)
Regen    0.2/turn               (no ring)
MPRegen  0.2/turn               (no ring)

@: no status effects
A: fangs 3, see invisible, unbreathing
a: Bat Form, Curse Item, Renounce Religion


You were on level 5 of the Dungeon.
You worshipped Ashenzari.
Ashenzari was noncommittal.
You were not thirsty.

You visited 2 branches of the dungeon, and saw 6 of its levels.

You collected 154 gold pieces.
You spent 72 gold pieces at shops.

Inventory:

Hand Weapons
 a - a cursed +2 vampiric dagger (weapon)
Armour
 e - a cursed +1 robe (worn)
 s - a +0 buckler
Jewellery
 h - an uncursed ring of fire
Scrolls
 b - a scroll of identify
 k - 3 scrolls of teleportation
 l - a scroll of blinking
Potions
 d - 22 potions of blood
 f - 2 potions of berserk rage
 g - a potion of agility
 j - a potion of ambrosia
 m - 3 potions of haste
 o - a potion of lignification
 p - 2 potions of might
Books
 c - a book of Maledictions

   Spells                             Type                      Level
   a - Corona                         Hexes                        1
   b - Ensorcelled Hibernation        Hexes/Ice                    2
   c - Confuse                        Hexes                        3
   d - Tukima's Dance                 Hexes                        3
   e - Dazzling Spray                 Conjuration/Hexes            3


   Skills:
 + Level 3.9 Short Blades
 - Level 2.1 Dodging
 * Level 9.5 Stealth
 + Level 3.5 Spellcasting
 + Level 6.6 Hexes


You had 4 spell levels left.
You knew the following spells:

 Your Spells              Type           Power        Failure   Level  Hunger
a - Corona                Hex            ####...      1%          1    None
b - Ensorcelled Hibernat  Hex/Ice        ##....       6%          2    ##.....
c - Confuse               Hex            ####....     3%          3    ###....
d - Tukima's Dance        Hex            ####....     3%          3    ###....


Dungeon Overview and Level Annotations

Branches:
Dungeon (5/15)             Temple (1/1) D:4

Altars:
Ashenzari
Cheibriados
Dithmenos
Elyvilon
Fedhas
Gozag
Hepliaklqana
Kikubaaqudgha
Makhleb
Okawaru
Qazlal
Ru
Sif Muna
Trog
Vehumet
Xom
Yredelemnul
Zin
The Shining One

Shops:
D:2 *   D:4 ?


Innate Abilities, Weirdness & Mutations

You have razor-sharp teeth.
You have supernaturally acute eyesight. (SInv)
You can survive without breathing.


Message History

You hit the centaur but do no damage.
The centaur is heavily wounded.
The centaur misses you.
You hit the centaur.
You feel better.
The centaur is heavily wounded.
The centaur stops glowing.
The centaur hits you.
* * * LOW HITPOINT WARNING * * *
Unknown command.
You hit the centaur.
The centaur is severely wounded.
The centaur hits you.
* * * LOW HITPOINT WARNING * * *
The centaur hits you.
* * * LOW HITPOINT WARNING * * *
Huge Dmg: -11%(-5hp) hp: 16%(7hp) Unknown command.
You completely miss the centaur.
The centaur is heavily wounded.
The centaur hits you!
You die...

..##..#......##'#### #.....###+##
..##..#......#..# ..#.....#.....
...#..#......'..# ..#.....+.....
...#..#......#..# .. #.....#.....
####'##......#..# .###.....#...##
.............#..##.#......##...##
.............#.....#......#....##
..........>..#.....#......'.....'
)............#..@..#......#.....#
.............##c####......#....##
#######..............######....##
......#.......<......+...........
.<....#..............#....[.....#
#.....#..............#..#######.#
#.....#......##'#....#..##......#
......###+####..#....#..<.......#
......... #..+....#..........#


You could see a centaur.

Vanquished Creatures
  Grinder (D:5)
  A phantom (D:5)
  An ogre (D:4)
  A howler monkey (D:5)
  2 hounds
  2 worker ants (D:5)
  6 adders
  An ooze (D:3)
  An adder zombie (D:5)
  A worm (D:2)
  5 dart slugs
  3 leopard geckos
  2 orcs (D:3)
  5 giant cockroaches
  10 goblins
  16 hobgoblins
  7 jackals
  3 quokkas
  10 bats
  A frilled lizard (D:1)
  9 kobolds
  11 rats
99 creatures vanquished.

Notes
Turn   | Place    | Note
-------+----------+-------------------------------------------
     0 | D:1      | Monsterracer the Vampire Enchanter began the quest for the Orb.
     0 | D:1      | Reached XP level 1. HP: 13/13 MP: 3/3
   103 | D:1      | HP: 4/13 [rat (3)]
   217 | D:1      | Reached XP level 2. HP: 19/19 MP: 5/5
   248 | D:1      | HP: 9/19 [hobgoblin (1)]
   256 | D:1      | Reached skill level 5 in Stealth
   259 | D:1      | HP: 6/19 [hobgoblin (2)]
   277 | D:1      | Learned a level 2 spell: Ensorcelled Hibernation
   752 | D:2      | Reached XP level 3. HP: 21/24 MP: 6/6
  1055 | D:2      | Reached skill level 6 in Stealth
  1057 | D:2      | Reached XP level 4. HP: 27/30 MP: 4/7
  1228 | D:2      | HP: 15/30 [bat (1)]
  1242 | D:2      | HP: 12/30 [bat (1)]
  1371 | D:2      | Found a glowing silver altar of Zin.
  1371 | D:2      | Found Zin's Purification Station.
  1696 | D:2      | Found a bloodstained altar of Trog.
  1727 | D:2      | HP: 14/30 [hobgoblin/stone (3)]
  1734 | D:2      | HP: 7/30 [hobgoblin (5)]
  1830 | D:2      | Learned a level 3 spell: Confuse
  1957 | D:3      | Reached skill level 5 in Hexes
  2478 | D:3      | Reached XP level 5. HP: 35/35 MP: 8/8
  2517 | D:3      | Learned a level 3 spell: Tukima's Dance
  2617 | D:3      | Reached skill level 7 in Stealth
  2689 | D:4      | Found Cauvum's Magic Scroll Emporium.
  2694 | D:4      | Bought a scroll of teleportation for 36 gold pieces
  2781 | D:4      | Got a smoking flail
  2782 | D:4      | Identified the +5 flail of Gecacryi {speed, +Blink rC++ Int-2} (You found it on level 4 of the Dungeon)
  2881 | D:4      | Found a staircase to the Ecumenical Temple.
  2897 | Temple   | Entered the Ecumenical Temple
  2970 | Temple   | Became a worshipper of Ashenzari the Shackled
  3287 | D:4      | HP: 17/35 [jackal (1)]
  3492 | D:4      | Noticed an ogre
  3496 | D:4      | Killed an ogre
  3496 | D:4      | Reached XP level 6. HP: 41/41 MP: 10/10
  3575 | D:5      | Entered Level 5 of the Dungeon
  3634 | D:5      | Reached skill level 8 in Stealth
  3812 | D:4      | Bought a scroll of remove curse for 36 gold pieces
  3901 | D:5      | Noticed Grinder
  3918 | D:5      | Killed Grinder
  3918 | D:5      | Reached skill level 9 in Stealth
  3918 | D:5      | Reached XP level 7. HP: 40/46 MP: 8/12
  4196 | D:5      | HP: 21/46 [centaur (6)]
  4201 | D:5      | HP: 21/46 [centaur (2)]
  4206 | D:5      | HP: 12/46 [centaur (1)]
  4208 | D:5      | Slain by a centaur

Skill      XL: |  1  2  3  4  5  6 |
---------------+-------------------+-----
Stealth        | 5 6 7 9 |  9.5
Short Blades   | 2 3 |  3.9
Hexes          | 5 6 |  6.6
Spellcasting   | 3 |  3.5
Dodging        | |  2.1

Action                   |  1- 3 |  4- 6 |  7- 9 || total
-------------------------+-------+-------+-------++-------
Melee: Dagger            |   104 |   226 |    18 ||   348
       Bite              |    12 |    12 |     1 ||    25
       Short sword       |     5 |    13 |       ||    18
 Cast: Corona            |     5 |     2 |     1 ||     8
       Ensorcelled Hiber |     4 |    19 |    13 ||    36
       Confuse           |       |     1 |       ||     1
Invok: Curse Item        |       |     2 |       ||     2
  Use: Potion            |     3 |    14 |       ||    17
       Scroll            |       |    12 |       ||    12
 Stab: Sleeping          |    14 |    23 |     3 ||    40
       Confused          |       |     2 |       ||     2
Armor: Robe              |    10 |    51 |     2 ||    63
Dodge: Dodged            |    64 |   198 |    17 ||   279
